 Dungeon Crawl Stone Soup version 0.19.1 (webtiles) character file.

118 lorenzova the Conjurer (level 4, 8/24 HPs)
             Began as a Deep Elf Conjurer on Dec 1, 2016.
             Quit the game on level 4 of the Dungeon.
             The game lasted 00:07:21 (3316 turns).

lorenzova the Conjurer (Deep Elf Conjurer)          Turns: 3316, Time: 00:07:22

Health: 8/24       AC:  2    Str:  5    XL:     4   Next: 72%
Magic:  13/13      EV: 13    Int: 21    God:
Gold:   148        SH:  0    Dex: 15    Spells: 2 memorised, 8 levels left

rFire  x . .     SeeInvis .     (no weapon)
rCold  + . .     Gourm    .     t - +0 robe
rNeg   . . .     Faith    .     (no shield)
rPois  .         Spirit   .     (no helmet)
rElec  .         Reflect  .     (no cloak)
rCorr  .         Harm     .     (no gloves)
MR     .....                    (no boots)
Stlth  ++........               (no amulet)
                                (no ring)
                                e - ring of ice

@: very slightly contaminated
A: no striking features
a: no special abilities


You were on level 4 of the Dungeon.
You were not hungry.

You visited 1 branch of the dungeon, and saw 4 of its levels.

You collected 148 gold pieces.

Inventory:

Armour
 a - a +0 robe
 l - a cursed +0 ring mail
 t - a +0 robe (worn)
Jewellery
 e - a ring of ice (left hand)
 n - a cursed amulet of inaccuracy {unknown}
Wands
 w - a wand of acid (6/15)
Scrolls
 f - a scroll of fog
 g - a scroll of blinking
 p - a scroll of recharging
 r - a scroll of immolation
 v - a scroll of amnesia {unknown}
 x - a scroll of enchant weapon {unknown}
Potions
 d - a potion of berserk rage {unknown}
 i - a potion of agility {unknown}
 j - 3 potions of heal wounds {unknown}
 m - a potion of brilliance {unknown}
 q - 2 potions of magic {unknown}
 u - a potion of cancellation {unknown}
Books
 b - a book of Conjurations

   Spells                             Type                      Level
   a - Magic Dart                     Conjuration                  1
   b - Searing Ray                    Conjuration                  2
   c - Dazzling Spray                 Conjuration/Hexes            3
   d - Fulminant Prism                Conjuration/Hexes            4
   e - Iskenderun's Mystic Blast      Conjuration                  4
   f - Iskenderun's Battlesphere      Conjuration/Charms           5
Comestibles
 c - 2 bread rations
 h - 3 meat rations


   Skills:
 - Level 2.4 Dodging
 - Level 2.4 Stealth
 + Level 5.1 Spellcasting
 + Level 5.7 Conjurations


You had 8 spell levels left.
You knew the following spells:

 Your Spells              Type           Power        Failure   Level  Hunger
a - Magic Dart            Conj           ####         1%          1    None
b - Iskenderun's Mystic   Conj           ####....     12%         4    ####...


Dungeon Overview and Level Annotations

Branches:
Dungeon (4/15)
 Temple: D:4-7

Altars:
Elyvilon
Fedhas
Sif Muna
Trog

Annotations:
D:4 Scuka's ghost, amateur CeHu


Message History

The air around you briefly surges with heat, but it dissipates.
It was a scroll of immolation.
As you read the scroll labeled VALOBE BUISUFI, it crumbles to dust.
You assume a fearsome visage.
Nothing appears to happen.
It was a scroll of fear.
As you read the scroll labeled NUVEDU RAQAK, it crumbles to dust.
You feel as if something is helping you.
It was a scroll of remove curse.
As you read the scroll labeled VAANLI VINALI, it crumbles to dust.
You feel strangely unstable.
It was a scroll of teleportation.
You climb downwards.
Level annotation: Scuka's ghost, amateur CeHu A frilled lizard comes into view.
Scuka's ghost says, "Do you have an apple?
I have a shot I want to try."
Scuka's ghost hits you! x2
There is a stone staircase leading up, spattered with blood here.
The frilled lizard hisses angrily.
Scuka's ghost takes aim.
Your surroundings seem slightly different.
Are you sure you want to abandon this character and quit the game? (Confirm with "yes".)

## #. #.## ..# #.#
#.############
#.....%#.....##
##......@l.....#
..#....W..........
........<..........
...##...............
.. ##...............
. ........<.........
..#...............
#.###.............#
.. ##.....#.....


You could see Scuka's ghost and a frilled lizard.

Vanquished Creatures
  A centaur skeleton (D:4)
  2 adders
  An ooze (D:1)
  3 dart slugs
  3 leopard geckos
  7 bats
  A giant cockroach (D:3)
  11 goblins
  6 hobgoblins
  3 jackals (D:1)
  8 kobolds
  A quokka (D:3)
  3 frilled lizards
  A leopard gecko skeleton (D:3)
  6 rats
57 creatures vanquished.

Notes
Turn   | Place    | Note
-------+----------+-------------------------------------------
     0 | D:1      | lorenzova the Deep Elf Conjurer began the quest for the Orb.
     0 | D:1      | Reached XP level 1. HP: 10/10 MP: 6/6
   110 | D:1      | Reached XP level 2. HP: 15/15 MP: 2/8
   654 | D:1      | Reached skill level 5 in Conjurations
   977 | D:2      | Reached XP level 3. HP: 19/19 MP: 6/10
  1421 | D:2      | You fall through a shaft!
  1543 | D:2      | Found a white marble altar of Elyvilon.
  1597 | D:2      | Reached XP level 4. HP: 20/24 MP: 6/12
  1911 | D:3      | Found a blossoming altar of Fedhas.
  1947 | D:3      | Found a deep blue altar of Sif Muna.
  1953 | D:3      | Learned a level 4 spell: Iskenderun's Mystic Blast
  2047 | D:3      | Found a bloodstained altar of Trog.
  2650 | D:4      | Reached skill level 5 in Spellcasting
  2765 | D:4      | Noticed Scuka's ghost (amateur CeHu)
  3316 | D:4      | Quit the game

Skill      XL: |  1  2  3  4 |
---------------+-------------+-----
Conjurations   | 5 |  5.7
Spellcasting   | 4 5 |  5.1
Dodging        | |  2.4
Stealth        | |  2.4

Action                   |  1- 3 |  4- 6 || total
-------------------------+-------+-------++-------
Melee: Unarmed           |     2 |       ||     2
 Cast: Magic Dart        |    79 |    34 ||   113
       Iskenderun's Myst |       |     3 ||     3
  Use: Scroll            |       |     7 ||     7
  Eat: Chunk             |     1 |     3 ||     4
       Bread ration      |       |     1 ||     1
Dodge: Dodged            |     5 |    12 ||    17
